Map: Lightshade LE

Players

A.I. 1 (Very Easy) - Winner!

  • Race: Zerg Zerg

Gemini

  • Race: Protoss Protoss
  • League: Master

VOD

Have the link to the VOD?

Description

Void Ray CIA

Time

  • Played on: May 8, 2021, 11:29 a.m.
  • Length: 8:32
Show
View Real Time Build Order
Export as new Build Order

A.I. 1 (Very Easy) Zerg - Winner!

Build Orders: Pool First 

Get SALT Encoding   

  12  0:00  Drone  
  13  0:12  Overlord  
  13  0:16  Drone  
  14  0:36  Spawning Pool  
  14  0:37  Extractor  
  14  0:39  Drone  
  13  0:46  Drone  
  14  0:51  Overlord  
  14  1:23  Zergling x2  
  14  1:24  Queen  
  17  1:30  Roach Warren  
  16  1:34  Drone  
  16  1:37  Extractor  
  16  1:40  Zergling x2  
  16  1:42  Drone  
  18  1:55  Drone  
  18  1:58  Zergling x2  
  20  2:06  Drone  
  21  2:17  Drone  
  22  2:27  Drone  
  23  2:30  Overlord  
  23  2:35  Drone  
  24  2:42  Drone  
  25  5:22  Zergling x2  
  25  5:43  Drone, Lair  
  26  5:50  Drone  
  27  5:58  Drone  
  28  6:05  Drone  
  28  6:06  Overlord  
  29  6:12  Drone  
  29  6:15  Zergling x2  
  28  6:40  Zergling x2  
  28  6:44  Overseer  
  28  6:45  Overseer  
  28  6:46  Spire  
  28  6:47  Drone  
  29  7:05  Zergling x2  
  30  7:16  Hatchery  
  29  7:58  Mutalisk  
Show
View Real Time Build Order
Export as new Build Order

Gemini Protoss 

Build Orders: 1 Gate Expand, Zealot Archon 

Get SALT Encoding   

  12  0:00  Probe  
  13  0:12  Probe  
  14  0:18  Pylon  
  14  0:24  Probe (Chrono Boost)  
  15  0:36  Probe (Chrono Boost)  
  15  0:40  Gateway  
  16  0:45  Probe (Chrono Boost)  
  16  0:46  Assimilator  
  17  0:51  Probe  
  18  1:03  Probe  
  19  1:20  Nexus  
  19  1:23  Probe  
  20  1:33  Cybernetics Core  
  20  1:36  Probe  
  21  1:44  Assimilator  
  21  1:49  Probe  
  21  1:53  Pylon  
  22  2:01  Probe (Chrono Boost)  
  23  2:08  Adept (Chrono Boost)  
  23  2:09  Warp Gate  
  23  2:13  Probe (Chrono Boost)  
  26  2:22  Probe (Chrono Boost)  
  27  2:28  Stargate  
  27  2:32  Probe (Chrono Boost)  
  27  2:33  Probe (Chrono Boost)  
  27  2:36  Stalker  
  31  2:41  Probe (Chrono Boost)  
  31  2:43  Probe (Chrono Boost)  
  33  2:46  Probe (Chrono Boost)  
  34  2:53  Probe  
  35  2:58  Probe  
  35  3:02  Void Ray (Chrono Boost)  
  35  3:05  Probe  
  37  3:10  Probe  
  42  3:15  Pylon  
  42  3:17  Probe  
  43  3:22  Gateway  
  43  3:23  Adept  
  43  3:24  Probe  
  46  3:33  Probe, Void Ray (Chrono Boost), Pylon  
  47  3:36  Probe  
  48  3:45  Probe  
  48  3:48  Probe  
  54  3:49  Pylon  
  54  3:52  Assimilator  
  54  3:54  Assimilator  
  54  3:57  Probe  
  54  4:00  Probe  
  56  4:03  Void Ray  
  56  4:09  Probe  
  61  4:12  Probe  
  62  4:19  Adept x2  
  62  4:21  Probe  
  67  4:29  Nexus  
  67  4:31  Pylon  
  67  4:43  Twilight Council, Probe x2  
  67  4:44  Forge  
  69  4:47  Pylon  
  69  4:50  Shield Battery  
  69  4:52  Sentry  
  71  4:53  Sentry  
  71  4:55  Probe  
  71  4:57  Probe  
  71  4:58  Protoss Ground Weapons Level 1 (Chrono Boost)  
  75  5:07  Probe  
  75  5:09  Probe  
  75  5:13  Pylon  
  77  5:15  Charge (Chrono Boost)  
  77  5:19  Probe  
  77  5:21  Robotics Facility, Probe  
  79  5:29  Pylon  
  79  5:32  Probe  
  79  5:33  Probe  
  81  5:38  Gateway  
  81  5:40  Gateway  
  81  5:44  Probe  
  81  5:45  Probe  
  81  5:46  Templar Archives  
  81  5:49  Probe, Gateway  
  84  5:56  Probe  
  85  5:57  Probe  
  85  6:01  Probe  
  87  6:07  Gateway  
  87  6:08  Probe  
  87  6:09  Gateway  
  87  6:10  Probe, Pylon  
  87  6:11  Immortal (Chrono Boost)  
  93  6:22  Assimilator x2  
  93  6:23  Probe x3, Pylon  
  96  6:25  High Templar  
  96  6:26  High Templar, Pylon  
  96  6:31  Photon Cannon, Archon  
  100  6:35  High Templar x2  
  100  6:37  Probe x3  
  107  6:44  Pylon, Archon  
  107  6:47  Immortal, Pylon  
  111  6:50  Zealot  
  113  6:58  Probe, Gateway  
  114  7:04  Zealot x2, High Templar x2  
  114  7:07  Archon  
  122  7:09  Zealot x2  
  122  7:10  Zealot  
  122  7:11  Pylon  
  128  7:26  Immortal  
  128  7:28  Zealot x2  
  136  7:30  Zealot x2  
  136  7:32  Zealot  
  142  7:44  High Templar  
  142  7:48  High Templar  
  142  7:49  Zealot x2  
  150  7:51  Nexus  
  150  7:52  Pylon  
  150  8:00  High Templar  
  150  8:01  Zealot  
  150  8:02  Zealot x2  
  158  8:07  Pylon  
  158  8:09  Pylon  
  158  8:12  High Templar  
  160  8:14  Zealot  
  160  8:19  High Templar  
  166  8:22  Zealot x3  
  166  8:25  Zealot  
  174  8:30  Photon Cannon  
Tags
 
Add a new tag
Caveats
  • Supply blocks, unpowered buildings, or Contaminate may cause inaccurate times.
  • Supply counts are checked every 10 seconds.